AoeStats
← 大明湖畔

Northern Isles

510439580Analyzed
1v1 RM · 2d ago on Oct 1, 2026· 48m 5s· 2 players
Game mode
Random Map
Map size
Tiny (2 player)
Population
200
Speed
Normal
Resources
Standard
Victory
Conquest
Starting age
Dark Age
Ending age
Imperial Age
RankedLock teamsTeams togetherTeam positionsShared explorationLock speedFull tech treeHidden civsTurbo modeCheats
Victory
Defeat
🇲🇽 Wu · Mexico
1157
+15
🇦🇺 Bulgarians · Australia
1142
-15
大明湖畔
9:46 Feudal Age
13:28 Castle Age
12:14 Double-Bit Axe
12:12 Horse Collar
14:10 Wheelbarrow
15:24 Bow Saw
17:45 Stone Mining
19:41 Gold Mining
21:12 Hand Cart
23:08 Squires
23:25 Loom
27:03 Scale Barding Armor
28:29 Forging
33:15 Gambesons
35:25 Gold Shaft Mining
36:27 Arson
37:03 Heavy Plow
38:19 Scale Mail Armor
38:55 Iron Casting
40:34 Chain Mail Armor
40:55 Iron Casting
48:43 Imperial Age
noobsupremo
11:02 Feudal Age
10:13 Loom
11:29 Double-Bit Axe
11:26 Fishing Lines
16:21 Castle Age
14:41 Horse Collar
14:54 Stone Mining
15:14 Gold Mining
18:40 Gillnets
21:27 Town Watch
24:53 Wheelbarrow
25:27 Fletching
30:54 Imperial Age
29:39 Bodkin Arrow
29:42 Murder Holes
32:44 Hand Cart
33:11 Bracer
38:06 Ballistics
37:47 Padded Archer Armor
41:39 Chemistry
40:50 Forging
41:26 Sitting Tiger
42:05 Conscription
42:06 Guilds
43:09 Leather Archer Armor
43:07 Masonry
44:00 Red Cliffs Tactics
43:45 Treadmill Crane
45:38 Scale Barding Armor
47:06 Bow Saw
46:58 Heavy Plow
47:34 Gold Shaft Mining
47:36 Stone Shaft Mining
48:05 Clinker Construction
48:32 Iron Casting
Connection lost

Rejoining the realm…

Still unreachable

The connection could not be restored.

Session expired

The server has moved on; the page needs a fresh start.